 Dungeon Crawl Stone Soup version 0.23.2-1-ga50397a6bc (webtiles) character file.

Game seed: 12733779419675860826

552 Ethylacetat the Shooter (level 7, -3/66 HPs)
             Began as a Naga Hunter on May 9, 2019.
             Slain by a bullfrog (6 damage)
             ... on level 5 of the Dungeon.
             The game lasted 00:12:40 (4161 turns).

Ethylacetat the Shooter (Naga Hunter)               Turns: 4161, Time: 00:12:40

Health: -3/66      AC:  3    Str: 14    XL:     7   Next: 29%
Magic:  7/7        EV: 11    Int: 11    God:
Gold:   186        SH:  0    Dex: 14    Spells: 6/6 levels left

rFire    + + .     SeeInvis +   a - +1 shortbow
rCold    . . .     Gourm    +   (shield currently unavailable)
rNeg     + . .     Faith    .   c - +0 leather armour
rPois    +         Spirit   .   (no helmet)
rElec    .         Reflect  .   (no cloak)
rCorr    .         Harm     .   (no gloves)
MR       .....                  (no barding)
Stlth    ++........             p - amulet of the gourmand
HPRegen  0.21/turn              l - ring of positive energy
MPRegen  0.10/turn              (no ring)

@: very slow
A: large, repulsion field 1, see invisible, deformed body, fire resistance 2,
poison resistance, slowness 2, slow metabolism 1, spit poison 1, wild magic 1,
AC +2
a: Spit Poison


You were on level 5 of the Dungeon.
You were full.

You visited 1 branch of the dungeon, and saw 5 of its levels.

You collected 186 gold pieces.

Inventory:

Hand Weapons
 a - a +1 shortbow (weapon)
 w - a +1 flail of crushing
Missiles
 d - 97 arrows (quivered)
Armour
 c - a +0 leather armour (worn)
Jewellery
 i - a cursed ring of attention {unknown}
 l - a ring of positive energy (left hand)
 p - an amulet of the gourmand (around neck)
 q - an uncursed amulet of magic regeneration
Scrolls
 e - 4 scrolls of identify
 h - 3 scrolls of remove curse
 j - a scroll of immolation
 o - a scroll of random uselessness {unknown}
 t - a scroll of fog {unknown}
 u - 2 scrolls of fear
 v - a scroll of enchant weapon {unknown}
Potions
 b - 3 potions of curing
 g - 2 potions of mutation
 s - a potion of magic
Comestibles
 f - 7 rations


   Skills:
 + Level 4.5 Fighting
 * Level 6.8 Bows
 - Level 1.5 Dodging
 - Level 1.5 Stealth


You had 6 spell levels left.
You didn't know any spells.
Your spell library contained the following spells:

 Spells                   Type           Power        Failure   Level  Hunger
 Beastly Appendage        Tmut           #.....       50%         1    ##.....
 Sticks to Snakes         Tmut           #.......     65%         2    ###....
 Spider Form              Tmut/Pois      #.........   86%         3    ####...
 Ice Form                 Ice/Tmut       #.......     99%         4    #####..
 Blade Hands              Tmut           #.........   100%        5    ######.


Dungeon Overview and Level Annotations

Branches:
Dungeon (5/15)
 Temple: D:4-7

Altars:
Ashenzari
Dithmenos
Gozag
Nemelex Xobeh
Ru


Innate Abilities, Weirdness & Mutations

You cannot wear boots.
Your serpentine skin is tough. (AC +2)
You have supernaturally acute eyesight. (SInv)
Armour fits poorly on your strangely shaped body.
Your system is resistant to poisons. (rPois)
You cover ground very slowly.
You have a slow metabolism.
You can spit poison.
You are surrounded by a mild repulsion field. (EV +2)
Your flesh is very heat resistant. (rF++)
Your spells are a little harder to cast, but a little more powerful.


Message History

Wield which item (- for none, * to show all)? (? for menu, Esc to quit)
a - a +1 shortbow (weapon)
The bullfrog hits you.
* * * LOW HITPOINT WARNING * * *
Firing (i - inventory)
d - 99 arrows (quivered)
Press: ? - help, Shift-Dir - straight line, f/p - bullfrog
Aim: a bullfrog (heavily wounded)
You shoot an arrow. The arrow hits the bullfrog.
The bullfrog is severely wounded.
The bullfrog hits you.
* * * LOW HITPOINT WARNING * * *
The bullfrog closely misses you.
Firing (i - inventory)
d - 98 arrows (quivered)
Press: ? - help, Shift-Dir - straight line, f/p - bullfrog
Aim: a bullfrog (severely wounded)
You shoot an arrow.
The arrow completely misses the bullfrog.
You have got your breath back.
The bullfrog hits you.
You die...

.# ##.##
....
..######
.>+....#
..####.#
..###..#
#########
.......#
#.......#
#.###..#
#.#####@#
#.#
#..###.#
#F# #.#
#......#
#.# #.#
#.######
#.# #.#
#.# #.#
#.# #.#
#.# #.#
#.# .(#
#.# #.
### ..


You could see a bullfrog.

Vanquished Creatures
  A phantom (D:5)
  2 scorpions
  A crimson imp (D:4)
  A hound (D:4)
  A jelly (D:5)
  A bullfrog skeleton (D:5)
  A gnoll shaman (D:4)
  A worker ant (D:4)
  5 gnolls
  A howler monkey skeleton (D:5)
  7 adders
  A worm (D:3)
  3 dart slugs
  3 leopard geckos
  3 giant cockroaches
  3 goblins
  5 hobgoblins
  8 jackals
  7 kobolds
  3 bats (D:1)
  3 frilled lizards (D:1)
  2 rats (D:1)
63 creatures vanquished.

Notes
Turn   | Place    | Note
-------+----------+-------------------------------------------
     0 | D:1      | Ethylacetat the Naga Hunter began the quest for the Orb.
     0 | D:1      | Reached XP level 1. HP: 19/19 MP: 1/1
    52 | D:1      | Reached skill level 4 in Bows
    52 | D:1      | Reached XP level 2. HP: 24/26 MP: 2/2
   357 | D:1      | Reached XP level 3. HP: 32/32 MP: 3/3
   730 | D:2      | Found a sparkling altar of Nemelex Xobeh.
  1002 | D:2      | You fall through a shaft for 2 floors!
  1131 | D:4      | Found a shadowy altar of Dithmenos.
  1140 | D:4      | Reached XP level 4. HP: 33/40 MP: 4/4
  1214 | D:4      | Reached skill level 5 in Bows
  1214 | D:4      | Reached XP level 5. HP: 44/49 MP: 5/5
  1823 | D:3      | Reached XP level 6. HP: 56/56 MP: 6/6
  2092 | D:2      | Found a shattered altar of Ashenzari.
  2092 | D:2      | Found an opulent altar of Gozag.
  2208 | D:3      | Found a sacrificial altar of Ru.
  2752 | D:5      | Entered Level 5 of the Dungeon
  2767 | D:4      | Reached skill level 6 in Bows
  3380 | D:5      | Noticed a phantom
  3431 | D:5      | HP: 2/57 [phantom (4)]
  3434 | D:5      | Killed a phantom
  3434 | D:5      | Reached XP level 7. HP: 3/66 MP: 7/7
  3782 | D:5      | Gained mutation: You are surrounded by a mild repulsion
                  | field. (EV +2) [potion of mutation]
  3782 | D:5      | Gained mutation: Your flesh is heat resistant. (rF+)
                  | [potion of mutation]
  3782 | D:5      | Gained mutation: Your spells are a little harder to cast,
                  | but a little more powerful. [potion of mutation]
  3782 | D:5      | Gained mutation: Your flesh is very heat resistant. (rF++)
                  | [potion of mutation]
  4160 | D:5      | HP: 3/66 [bullfrog (5)]
  4161 | D:5      | Slain by a bullfrog

Skill      XL: |  1  2  3  4  5  6 |
---------------+-------------------+-----
Bows           | 4 5 6 |  6.8
Fighting       | 3 4 |  4.5
Dodging        | |  1.5
Stealth        | |  1.5

Action                   |  1- 3 |  4- 6 |  7- 9 || total
-------------------------+-------+-------+-------++-------
Melee: Short sword       |    40 |    84 |       ||   124
       Flail             |       |    31 |    49 ||    80
 Fire: Shortbow          |     4 |     6 |     4 ||    14
Throw: Throwing net      |       |       |     1 ||     1
 Abil: Spit Poison       |    22 |    34 |     2 ||    58
  Use: Scroll            |       |       |     5 ||     5
       Potion            |       |       |     5 ||     5
  Eat: Chunk             |       |    18 |       ||    18
Armor: Leather armour    |    14 |    27 |    14 ||    55
Dodge: Dodged            |    26 |    74 |    31 ||   131
